 Dungeon Crawl Stone Soup version 0.21.1-1-g345015f (webtiles) character file.

2590 sking99 the Zephyrmancer (level 9, 0/56 HPs)
             Began as a Tengu Air Elementalist on June 30, 2018.
             Was an Initiate of Nemelex Xobeh.
             Shot with an arrow by a centaur (15 damage)
             ... on level 7 of the Dungeon.
             The game lasted 00:36:50 (11907 turns).

sking99 the Zephyrmancer (Tengu Air Elementalist)  Turns: 11907, Time: 00:36:51

Health: 0/56       AC:  4    Str:  8    XL:     9   Next: 58%
Magic:  0/17       EV: 14    Int: 19    God:    Nemelex Xobeh [......]
Gold:   207        SH:  0    Dex: 15    Spells: 6/18 levels left

rFire    . . .     SeeInvis .   A - +0 falchion
rCold    . . .     Gourm    .   (no shield)
rNeg     . . .     Faith    .   a - +0 robe
rPois    .         Spirit   .   (helmet restricted)
rElec    .         Reflect  .   (no cloak)
rCorr    .         Harm     .   m - +1 pair of gloves
MR       .....                  (boots unavailable)
Stlth    ++........             (no amulet)
HPRegen  0.18/turn              (no ring)
MPRegen  0.15/turn              (no ring)

@: no status effects
A: beak, talons 3, able to fly 1
a: Fly, Renounce Religion


You were on level 7 of the Dungeon.
You worshipped Nemelex Xobeh.
Nemelex Xobeh was noncommittal.
You were near starving.

You visited 1 branch of the dungeon, and saw 7 of its levels.

You collected 207 gold pieces.

Inventory:

Hand Weapons
 A - a +0 falchion (weapon)
Armour
 a - a +0 robe (worn)
 m - a +1 pair of gloves (worn)
 u - a +0 buckler
Jewellery
 j - an uncursed amulet of guardian spirit {unknown}
 q - a +4 ring of protection {unknown}
 r - a cursed -3 ring of dexterity {unknown}
 v - an uncursed amulet of rage {unknown}
Wands
 d - a wand of iceblast (9)
Scrolls
 f - 2 scrolls of teleportation {unknown}
 g - a scroll of fog
 i - a scroll of remove curse
 p - a scroll of amnesia
 w - a scroll of fear {unknown}
 x - 3 scrolls of enchant weapon {unknown}
 y - 3 scrolls of identify {unknown}
 C - a scroll of magic mapping
Potions
 e - 4 potions of might
 h - 2 potions of invisibility
 k - a potion of magic
 l - 2 potions of flight
 n - a potion of curing {unknown}
 o - a potion of degeneration {unknown}
 s - a potion of cancellation
 t - a potion of agility {unknown}
Books
 b - a book of Air

   Spells                             Type                      Level
   a - Shock                          Conjuration/Air              1
   b - Swiftness                      Charms/Air                   2
   c - Static Discharge               Conjuration/Air              3
   d - Airstrike                      Air                          4
   e - Lightning Bolt                 Conjuration/Air              5
Miscellaneous
 B - a plain deck of summoning
Comestibles
 c - 13 rations


   Skills:
 + Level 6.5 Fighting
 + Level 3.7 Dodging
 - Level 2.0 Stealth
 - Level 4.0 Shields
 - Level 5.0 Spellcasting
 + Level 6.6 Conjurations
 - Level 1.2 Charms
 + Level 8.4 Air Magic
 + Level 1.2 Invocations


You had 6 spell levels left.
You knew the following spells:

 Your Spells              Type           Power        Failure   Level  Hunger
a - Shock                 Conj/Air       ####         1%          1    None
b - Swiftness             Chrm/Air       ###.....     2%          2    #......
c - Airstrike             Air            #####.....   3%          4    ####...
d - Lightning Bolt        Conj/Air       ####......   16%         5    ######.


Dungeon Overview and Level Annotations

Branches:
Dungeon (7/15)             Temple (0/1) D:7

Altars:
Dithmenos
Hepliaklqana
Kikubaaqudgha
Makhleb
Nemelex Xobeh
Okawaru
Qazlal
Ru
Sif Muna
Wu Jian
Yredelemnul

Shops:
D:6 :   D:7 (


Innate Abilities, Weirdness & Mutations

You have a beak for a mouth.
You have claws for feet.
You can fly.


Message History

Press: ? - help, Dir - move target cursor, f/p - centaur
Aim: a centaur, wielding a shortbow of velocity (heavily wounded)
The air twists around and strikes the centaur!
The centaur is almost dead.
You are near starving!
Casting: Airstrike
Confirm with . or Enter, or press ? or * to list all spells.
Aiming: Shock
Press: ? - help, Shift-Dir - straight line, f/p - centaur
Aim: a centaur, wielding a shortbow of velocity (almost dead)
The zap hits the orc.
You kill the orc!
The zap hits the centaur.
The centaur is almost dead.
The centaur shoots an arrow.
The arrow hits you!
* * * LOW HITPOINT WARNING * * *
The centaur shoots an arrow.
The arrow misses you.
The centaur shoots an arrow.
The arrow hits you!
You die...
Your body disappears without a glow.

.......................# #......
#......((.(.c.(........# #......
#.#####.########.......# #......
#..............#......## #......
#..............#......# #......
#..............#c.....# #......
##.####.........#(.....## #......
...####.........#.......###......
................@..........>.....
.....###'########........##......
.....#.................#.##.##...
....[#....####.##(..!..#..#.##...
.....#....# #.#.......##.#.##...
..####....# #.#...######...##...
..######### #.#...# ##..##...
..........# ##.#...# #..##...
..........# #......########.##...


You could see a centaur.

Vanquished Creatures
  The ghost of Stil the Firebug, an amateur DsFE (D:5)
  The ghost of reamonnk the Chopper, an amateur HOMo (D:6)
  Menkaure (D:6)
  Edmund (D:7)
  A sky beast (D:6)
  2 black bears
  4 ogres
  3 centaurs
  2 howler monkeys
  4 crimson imps
  2 bullfrog zombies (D:7)
  A quasit (D:7)
  A centaur zombie (D:7)
  5 orc priests
  3 orc wizards
  2 hounds
  3 iguanas
  6 worker ants
  A centaur skeleton (D:2)
  A worker ant zombie (D:7)
  3 gnolls (D:4)
  6 adders
  2 shadow imps
  An ooze (D:3)
  An adder zombie (D:5)
  3 worms
  3 dart slugs
  5 leopard geckos
  30 orcs
  19 bats
  4 giant cockroaches
  9 goblins
  9 hobgoblins
  8 jackals
  7 quokkas
  4 frilled lizards
  A jackal skeleton (D:4)
  10 kobolds
  9 rats
179 creatures vanquished.

Notes
Turn   | Place    | Note
-------+----------+-------------------------------------------
     0 | D:1      | sking99 the Tengu Air Elementalist began the quest for the Orb.
     0 | D:1      | Reached XP level 1. HP: 10/10 MP: 4/4
   367 | D:1      | Reached XP level 2. HP: 13/15 MP: 1/6
   566 | D:1      | Learned a level 2 spell: Swiftness
  1399 | D:2      | Reached XP level 3. HP: 19/19 MP: 5/7
  1839 | D:2      | Found a burning altar of Makhleb.
  2057 | D:2      | Reached XP level 4. HP: 22/24 MP: 0/8
  2208 | D:2      | Learned a level 4 spell: Airstrike
  2594 | D:2      | Reached skill level 5 in Air Magic
  3330 | D:2      | Found an ornate altar of the Wu Jian Council.
  3380 | D:3      | Gained mutation: You can fly. [Tengu growth]
  3380 | D:3      | Reached XP level 5. HP: 10/28 MP: 0/10
  3398 | D:3      | HP: 2/42 [poisoned by an adder]
  3406 | D:3      | HP: 1/42 [poisoned by an adder]
  4439 | D:3      | Noticed an ogre
  4521 | D:3      | Killed an ogre
  4521 | D:3      | Reached skill level 1 in Charms
  4521 | D:3      | Reached XP level 6. HP: 16/32 MP: 0/11
  4978 | D:3      | Reached skill level 6 in Air Magic
  5195 | D:4      | Found a sacrificial altar of Ru.
  5205 | D:4      | Found a hazy altar of Hepliaklqana.
  5249 | D:4      | Found a shadowy altar of Dithmenos.
  5560 | D:4      | Reached skill level 1 in Fighting
  5698 | D:4      | Reached XP level 7. HP: 38/38 MP: 1/13
  6271 | D:5      | Entered Level 5 of the Dungeon
  6289 | D:5      | Noticed Stil's ghost (amateur DsFE)
  7143 | D:5      | Reached skill level 7 in Air Magic
  7738 | D:5      | Found an iron altar of Okawaru.
  7756 | D:5      | Found an ancient bone altar of Kikubaaqudgha.
  7834 | D:5      | Reached XP level 8. HP: 46/46 MP: 7/15
  7865 | D:5      | Found a sparkling altar of Nemelex Xobeh.
  7909 | D:5      | Killed Stil's ghost
  7909 | D:5      | Reached skill level 1 in Shields
  8425 | D:5      | Learned a level 5 spell: Lightning Bolt
  8496 | D:6      | Noticed reamonnk's ghost (amateur HOMo)
  8620 | D:6      | Noticed Menkaure
  8623 | D:6      | Killed Menkaure
  8623 | D:6      | Reached skill level 5 in Spellcasting
  8623 | D:6      | Reached skill level 8 in Air Magic
  8742 | D:6      | Reached skill level 5 in Conjurations
  9167 | D:6      | Found a basalt altar of Yredelemnul.
  9257 | D:6      | Found a stormy altar of Qazlal.
  9275 | D:6      | Noticed Edmund
  9692 | D:6      | Killed reamonnk's ghost
  9692 | D:6      | Reached skill level 5 in Fighting
  9692 | D:6      | Reached XP level 9. HP: 54/54 MP: 0/17
 10033 | D:6      | Found Jonnap's Book Emporium.
 10476 | D:5      | Became a worshipper of Nemelex Xobeh the Trickster
 10692 | D:7      | Found Ellazimp's Antique Weapon Shop.
 11318 | D:7      | Killed Edmund
 11536 | D:7      | Received a gift from Nemelex Xobeh
 11562 | D:7      | Reached skill level 1 in Invocations
 11764 | D:7      | Found a staircase to the Ecumenical Temple.
 11786 | D:7      | Found a deep blue altar of Sif Muna.
 11907 | D:7      | Shot with an arrow by a centaur

Skill      XL: |  1  2  3  4  5  6  7  8  9 |
---------------+----------------------------+-----
Conjurations   | 2 3 4 6 |  6.6
Dodging        | 3 |  3.7
Air Magic      | 5 6 7 8 |  8.4
Spellcasting   | 3 4 5 |  5.0
Charms         | 1 |  1.2
Fighting       | 1 3 5 6 |  6.5
Shields        | 3 4 |  4.0
Invocations    | 1 |  1.2
Stealth        | |  2.0

Action                   |  1- 3 |  4- 6 |  7- 9 || total
-------------------------+-------+-------+-------++-------
Melee: Unarmed           |     2 |       |       ||     2
       Kick              |     3 |     2 |     6 ||    11
       Dagger            |     8 |     6 |       ||    14
       Trident           |       |       |    14 ||    14
       Peck              |       |       |     4 ||     4
       Falchion          |       |       |    12 ||    12
 Cast: Shock             |    81 |   151 |   218 ||   450
       Airstrike         |       |     8 |    52 ||    60
       Swiftness         |       |     5 |       ||     5
 Abil: Fly               |       |     3 |     5 ||     8
  Use: Potion            |       |     8 |       ||     8
       Scroll            |       |     5 |       ||     5
  Eat: Chunk             |     3 |    15 |    17 ||    35
       Ration            |       |       |     3 ||     3
Armor: Robe              |    13 |    12 |    30 ||    55
Dodge: Dodged            |    40 |    34 |   108 ||   182
       Rpst.: Falchion   |       |       |     5 ||     5
